Map: Acropolis LE

Players

Mez

  • Race: Terran Terran
  • League: Master
  • Spawn Location: 5:00

Yaegz - Winner!

  • Race: Protoss Protoss
  • League: Master
  • Spawn Location: 11:00

VOD

Have the link to the VOD?

Description

Time

  • Played on: Aug. 31, 2019, 5:12 p.m.
  • Length: 24:30
Show
View Real Time Build Order
Export as new Build Order

Mez Terran 

Build Orders: Reaper Expand 

Get SALT Encoding   

  12  0:00  SCV  
  13  0:12  SCV  
  14  0:17  Supply Depot  
  14  0:24  SCV  
  15  0:38  SCV  
  15  0:39  Barracks  
  16  0:44  Refinery  
  16  0:50  SCV  
  17  1:02  SCV  
  18  1:14  SCV  
  19  1:28  Orbital Command, Reaper  
  20  1:41  Command Center  
  20  1:47  Bunker  
  21  1:54  SCV  
  21  1:57  Supply Depot  
  21  2:00  Marine  
  22  2:06  SCV  
  23  2:19  Barracks Reactor, SCV  
  24  2:32  SCV  
  24  2:35  Command Center  
  25  2:45  Factory  
  25  2:46  SCV  
  25  2:50  Refinery  
  26  2:57  Marine x2  
  28  3:02  Orbital Command  
  28  3:05  SCV  
  29  3:15  Marine x2  
  29  3:18  SCV  
  32  3:28  Widow Mine  
  32  3:29  Starport  
  32  3:30  SCV x2  
  36  3:35  Marine x2  
  38  3:42  SCV x2  
  40  3:50  Widow Mine  
  40  3:51  Orbital Command  
  40  3:52  Marine  
  40  3:53  Marine  
  40  3:55  SCV x2  
  46  4:05  Refinery  
  46  4:07  Starport Tech Lab, SCV x2  
  48  4:12  Factory Tech Lab  
  48  4:13  Barracks  
  48  4:17  SCV  
  48  4:19  Marine, SCV  
  48  4:20  Marine  
  52  4:28  Raven  
  52  4:29  Barracks  
  54  4:31  SCV  
  54  4:32  SCV x2  
  57  4:39  Marine  
  57  4:40  Marine  
  57  4:43  SCV  
  57  4:44  SCV  
  61  4:48  Supply Depot x2  
  61  4:51  Factory Reactor  
  61  4:54  Engineering Bay x2  
  60  5:11  Stimpack  
  60  5:12  Barracks  
  60  5:13  Barracks  
  60  5:21  SCV  
  61  5:22  Supply Depot  
  61  5:23  Terran Infantry Armor Level 1, Terran Infantry Weapons Level 1  
  61  5:24  Supply Depot, Combat Shield  
  61  5:26  Marauder  
  61  5:27  Orbital Command  
  63  5:30  Marauder  
  65  5:36  Factory Reactor  
  65  5:39  Marine  
  65  5:40  Marine  
  65  5:41  SCV x2  
  68  5:53  SCV  
  68  5:54  SCV x2  
  70  5:57  Refinery  
  70  6:00  Marauder x2  
  70  6:01  Barracks Tech Lab, Barracks Reactor, Marine x2  
  70  6:03  Medivac  
  78  6:06  SCV x3  
  81  6:11  Medivac  
  81  6:18  SCV x2  
  82  6:26  Marauder x2  
  82  6:27  Marauder  
  82  6:28  Concussive Shells  
  82  6:31  Marine x2  
  89  6:33  SCV x3  
  89  6:39  Marine  
  93  6:45  Supply Depot  
  93  6:46  Supply Depot  
  93  6:48  Supply Depot  
  93  6:50  SCV x2, Marine x2  
  93  6:51  Supply Depot, Armory, Marine, Marauder x2  
  93  6:53  Marine  
  100  7:02  Marine  
  100  7:03  Supply Depot  
  100  7:04  Supply Depot  
  100  7:07  Widow Mine x2, Medivac  
  107  7:09  Marauder  
  107  7:12  Marauder x2  
  113  7:20  Marine x3  
  115  7:26  Marine  
  116  7:30  Marauder  
  116  7:33  Marauder x2  
  122  7:38  Marine  
  122  7:39  Terran Infantry Weapons Level 2, Barracks  
  122  7:40  Ghost Academy, Barracks  
  122  7:41  Barracks  
  125  7:51  Marauder  
  125  7:52  Marine x3  
  125  7:55  Marauder x2  
  125  7:56  Supply Depot  
  125  7:57  Supply Depot  
  132  7:58  SCV  
  132  7:59  Refinery  
  132  8:00  Refinery  
  132  8:15  Widow Mine x2  
  127  8:22  Marauder x3, Marine x4  
  127  8:23  Medivac  
  127  8:26  SCV x2  
  136  8:28  SCV  
  136  8:40  Marine  
  131  8:42  Barracks Tech Lab x2, Barracks Reactor  
  131  8:44  Marauder  
  109  9:04  Marauder, Marine  
  109  9:05  Marauder  
  109  9:06  Medivac  
  109  9:07  Medivac  
  113  9:10  Widow Mine  
  113  9:11  Widow Mine  
  113  9:13  Starport  
  117  9:17  Command Center, SCV x3  
  117  9:29  SCV  
  113  9:34  Marauder x3, Marine x2  
  115  9:41  Ghost x2, Marine  
  115  9:42  Marine x3  
  115  9:44  Widow Mine  
  125  9:52  Medivac x2, Marine x2  
  129  9:54  Starport Tech Lab  
  129  9:55  Ghost x2, Marine  
  129  9:56  Terran Infantry Weapons Level 3  
  129  9:58  Fusion Core  
  134  10:17  Marauder x2, Marine x3  
  134  10:18  Marauder, Marine x3  
  134  10:19  Medivac  
  144  10:42  Supply Depot  
  144  10:44  Supply Depot, Missile Turret  
  144  10:46  Supply Depot, Ghost  
  144  10:47  Supply Depot, Ghost  
  148  10:51  Terran Infantry Armor Level 2  
  148  10:53  Ghost, Marine x6  
  148  10:54  Marauder x2  
  148  10:55  Supply Depot  
  160  11:06  Missile Turret  
  160  11:08  Medivac x3, Missile Turret  
  160  11:10  Advanced Ballistics  
  166  11:11  Missile Turret  
  166  11:15  Marauder  
  147  11:31  Marauder x2, Marine  
  146  11:38  Planetary Fortress, Marauder x2  
  134  11:40  Liberator x3  
  134  11:41  Marine x6  
  134  11:43  SCV  
  141  11:52  Marauder  
  152  12:03  SCV x3  
  152  12:06  Refinery x2  
  156  12:15  SCV  
  156  12:21  Marauder x2, Sensor Tower  
  156  12:22  Marauder x2, Marine x4, Missile Turret  
  170  12:36  Command Center  
  168  12:43  Command Center  
  159  12:56  Liberator x3  
  144  13:11  Marauder  
  144  13:12  Marauder x4, Marine x5  
  160  13:27  SCV x3  
  163  13:37  Bunker  
  163  13:39  Liberator, SCV x2  
  163  13:40  Missile Turret  
  165  13:42  Sensor Tower  
  165  13:45  Marauder, Marine  
  165  13:46  Marauder x3, Missile Turret, Marine x3  
  177  13:56  Orbital Command  
  180  14:20  Ghost x3  
  180  14:21  Ghost x2  
  180  14:22  Marine x3  
  193  14:25  Enhanced Shockwaves  
  193  14:26  Terran Infantry Armor Level 3  
  193  14:31  Sensor Tower  
  193  14:33  Liberator x2  
  193  14:35  Missile Turret  
  191  14:49  Ghost  
  199  14:56  Terran Ship Weapons Level 1  
  199  14:58  Starport  
  199  14:59  Starport  
  190  15:50  Viking x3  
  190  15:52  Starport Reactor x2  
  196  16:07  Liberator x2  
  174  16:20  Viking  
  174  16:23  Marauder, Marine  
  174  16:24  Marauder x3  
  130  16:33  Liberator  
  119  16:41  Viking x4  
  119  16:43  Marine x3  
  119  16:44  Marauder  
  119  16:45  Marauder  
  129  16:49  Command Center  
  129  16:50  Liberator  
  132  16:54  Command Center  
  132  17:04  Marauder x2, Marine x4  
  132  17:05  Marauder, Marine x3  
  132  17:07  Viking  
  143  17:24  Viking x4  
  143  17:26  Marauder x4, Marine x4  
  143  17:27  Marauder, Marine x2  
  164  17:33  Viking  
  163  17:43  Refinery  
  163  17:44  Marine  
  163  17:47  Marauder  
  166  17:56  Ghost x3  
  166  17:57  Ghost, Marine x3  
  166  17:58  Marine  
  178  18:08  Ghost  
  180  18:22  Marine x3  
  175  18:53  Marauder, Marine  
  175  18:54  Marauder x3  
  184  19:01  Planetary Fortress  
  183  19:09  Marine  
  177  19:22  Marauder, Marine  
  177  19:23  Marauder x4  
  186  19:25  Liberator x6  
  153  19:37  SCV x4  
  157  19:40  Marine x3  
  178  19:52  Marine x8  
  179  19:53  Refinery  
  179  19:57  Refinery  
  183  20:03  Planetary Fortress, Liberator  
  183  20:08  Liberator  
  183  20:15  Refinery  
  183  20:16  Refinery  
  167  20:21  Marine x3  
  167  20:22  Marine  
  174  20:35  Viking x3  
  173  20:40  Medivac x2  
  165  20:56  Ghost x4  
  166  21:19  Missile Turret  
  166  21:21  Missile Turret  
  158  21:47  Marine  
  158  21:49  Marine  
  155  21:55  SCV  
  155  21:56  SCV x3  
  155  21:57  Marauder  
  155  21:58  Marauder x4, Marine x3  
  155  22:00  Marine  
  169  22:06  Liberator x2  
  169  22:07  Liberator x3  
  142  22:25  Viking  
  156  22:30  SCV  
  156  22:31  SCV x2  
  128  23:00  Marauder x3, Marine x3  
  128  23:01  Marauder  
  128  23:03  Marine  
  140  23:10  Medivac  
  135  23:23  Marine x2  
  129  23:31  Marauder x2  
  129  23:32  Marauder x2  
  122  23:45  SCV x5  
  127  23:55  Marauder  
  129  24:05  Marine  
  129  24:06  Marauder x2  
  129  24:15  SCV x2  
Show
View Real Time Build Order
Export as new Build Order

Yaegz Protoss - Winner!

Build Orders: 1 Gate Expand, Double Forge, Blink Stalkers, Chargelot Immortal 

Get SALT Encoding   

  12  0:00  Probe  
  13  0:13  Probe  
  14  0:17  Pylon  
  14  0:24  Probe  
  15  0:33  Probe  
  15  0:38  Gateway  
  15  0:41  Probe  
  16  0:46  Assimilator  
  17  0:52  Probe  
  18  1:00  Probe  
  19  1:08  Probe  
  20  1:23  Nexus  
  20  1:33  Cybernetics Core  
  20  1:38  Probe  
  21  1:40  Assimilator  
  21  1:49  Pylon  
  21  1:52  Probe  
  22  2:00  Stalker  
  22  2:04  Probe  
  23  2:11  Warp Gate  
  25  2:16  Probe  
  26  2:29  Probe  
  27  2:30  Sentry  
  27  2:31  Pylon, Probe  
  29  2:39  Probe  
  29  2:41  Probe  
  29  2:44  Twilight Council  
  31  2:49  Probe  
  31  2:54  Probe  
  33  3:01  Probe  
  34  3:06  Probe, Robotics Facility  
  34  3:10  Probe  
  35  3:18  Probe x2  
  37  3:27  Blink  
  38  3:28  Probe  
  38  3:30  Probe  
  40  3:39  Probe  
  41  3:42  Gateway, Probe  
  41  3:44  Gateway  
  41  3:47  Probe  
  42  3:50  Assimilator  
  42  3:54  Probe  
  42  3:55  Probe  
  45  4:06  Probe x2, Nexus  
  47  4:18  Probe x2, Stalker  
  51  4:24  Observer, Assimilator  
  51  4:26  Pylon  
  51  4:30  Forge, Probe x2  
  54  4:35  Forge  
  54  4:39  Protoss Ground Weapons Level 1  
  54  4:42  Protoss Ground Armor Level 1  
  54  4:44  Pylon, Probe  
  55  4:45  Stalker  
  55  4:46  Stalker  
  55  4:49  Observer  
  60  4:58  Probe  
  60  4:59  Probe  
  62  5:04  Pylon  
  62  5:11  Immortal, Sentry  
  62  5:13  Probe  
  69  5:24  Gateway  
  69  5:27  Gateway  
  69  5:29  Probe  
  69  5:32  Probe x2  
  72  5:41  Probe  
  73  5:43  Pylon  
  73  5:44  Probe  
  73  5:45  Probe  
  75  5:53  Probe  
  76  5:58  Stalker x2  
  76  5:59  Stalker  
  76  6:03  Probe  
  83  6:04  Robotics Bay  
  83  6:06  Templar Archives, Gateway  
  83  6:08  Gateway  
  83  6:09  Charge  
  84  6:18  Probe  
  84  6:29  Immortal  
  84  6:32  Probe x3  
  87  6:33  Observer  
  87  6:34  Pylon  
  87  6:36  Assimilator  
  87  6:39  Gateway  
  91  6:42  Gateway  
  91  6:44  Pylon, Probe x2  
  91  6:45  Pylon  
  91  6:46  Protoss Ground Armor Level 2  
  93  6:48  Pylon  
  93  6:52  Protoss Ground Weapons Level 2  
  93  7:02  Pylon, Sentry  
  93  7:03  Zealot x4  
  93  7:04  Zealot x2  
  107  7:20  Immortal  
  107  7:23  Shield Battery  
  107  7:26  Shield Battery  
  107  7:28  Pylon  
  103  7:38  Stalker x7  
  103  7:39  Stalker  
  103  7:40  Psionic Storm  
  103  7:41  Probe  
  103  7:43  Assimilator  
  120  7:46  Pylon  
  120  7:52  High Templar  
  122  8:03  Warp Prism  
  122  8:10  Nexus  
  112  8:23  Zealot x4  
  112  8:24  Zealot x5  
  126  8:33  Pylon  
  114  8:45  Zealot x7  
  114  8:46  Zealot x2  
  113  9:06  Zealot x6  
  113  9:08  High Templar x2  
  113  9:09  High Templar  
  127  9:10  Protoss Ground Weapons Level 3, Protoss Ground Armor Level 3  
  127  9:12  Probe x2  
  127  9:13  Probe  
  127  9:15  Immortal  
  133  9:24  Probe x2  
  133  9:25  Probe  
  117  9:40  Zealot x2  
  117  9:41  Zealot x6  
  131  9:46  High Templar  
  131  9:51  Robotics Bay  
  133  9:55  Probe  
  133  9:56  Robotics Facility  
  133  9:59  Assimilator  
  134  10:01  Assimilator  
  134  10:07  Zealot x4  
  134  10:15  High Templar x4  
  134  10:19  Archon  
  134  10:20  Archon  
  137  10:29  Zealot  
  137  10:30  Zealot  
  141  10:38  Sentry  
  141  10:40  High Templar  
  141  10:41  Colossus  
  143  10:43  Colossus  
  143  10:48  Extended Thermal Lance  
  143  10:49  Photon Cannon  
  149  10:51  Archon  
  149  10:55  High Templar  
  151  11:09  Zealot x7  
  152  11:36  Colossus  
  152  11:37  Colossus  
  158  11:44  High Templar x2  
  158  11:45  High Templar  
  160  11:48  Stalker x6  
  160  11:53  Pylon  
  172  11:55  Pylon  
  172  11:59  Protoss Shields Level 1  
  172  12:08  Pylon  
  172  12:11  Probe x4  
  172  12:14  Zealot x6  
  188  12:23  Stargate  
  188  12:26  Probe x4  
  188  12:28  Pylon  
  192  12:38  Probe  
  169  12:54  Archon x2  
  169  12:55  Archon  
  153  13:04  Disruptor x2  
  144  13:07  Stalker  
  144  13:08  Stalker x3  
  144  13:09  Probe, Zealot  
  144  13:10  Probe  
  156  13:14  Fleet Beacon  
  156  13:17  Stargate, High Templar x2  
  156  13:18  High Templar x2  
  156  13:19  Stargate  
  164  13:20  Probe x2  
  164  13:22  Probe, Nexus  
  167  13:31  Probe  
  167  13:32  Probe x2  
  170  13:40  Disruptor x2  
  176  14:00  Photon Cannon  
  176  14:01  Photon Cannon  
  176  14:03  Pylon, Tempest x2  
  176  14:05  Tempest  
  176  14:07  Disruptor x2  
  197  14:32  High Templar, Assimilator  
  197  14:37  Assimilator  
  199  15:36  Gateway  
  199  15:37  Gateway  
  199  15:38  Gateway  
  199  15:41  Gateway  
  169  15:52  Zealot x8  
  185  16:10  Nexus  
  131  16:32  Stalker x8  
  136  16:33  Stalker x3  
  146  16:44  High Templar x2  
  148  16:50  Pylon, Tempest x2  
  148  16:51  Tempest  
  148  16:52  Disruptor x2  
  169  16:58  Assimilator  
  168  17:18  Stalker x3  
  155  17:39  Photon Cannon, High Templar  
  155  17:42  Photon Cannon  
  155  17:44  Photon Cannon, Stalker x9  
  157  17:45  Stalker x3  
  157  17:46  Photon Cannon  
  157  17:50  Oracle, Tempest x2  
  194  18:08  Photon Cannon, High Templar  
  194  18:11  Photon Cannon  
  196  18:13  Pylon  
  196  18:17  Pylon  
  189  19:14  Tempest x2  
  136  19:34  Tempest  
  120  19:41  Stalker x4  
  120  19:42  Stalker x4  
  120  19:43  High Templar x4  
  120  19:44  High Templar  
  146  19:47  Archon  
  146  19:48  Archon  
  146  19:57  Tempest  
  151  20:05  Disruptor x2  
  157  20:21  High Templar x3  
  153  20:22  High Templar  
  140  20:30  Zealot x2  
  140  20:31  Zealot x6  
  148  20:50  High Templar x2  
  148  20:51  High Templar  
  148  20:54  Disruptor x2  
  155  21:11  Nexus  
  151  21:21  Stalker  
  151  21:22  Stalker x10  
  151  21:23  Stalker  
  175  21:29  Disruptor x2  
  176  21:46  Pylon  
  176  21:48  Tempest x2  
  176  21:49  Tempest  
  176  21:50  Pylon  
  176  21:52  Assimilator  
  183  21:57  Assimilator  
  173  22:30  Stalker x12  
  173  22:31  Stalker  
  177  22:58  Archon  
  177  23:04  High Templar x3  
  138  23:44  Disruptor x2  
  138  23:47  Tempest  
  143  23:57  Photon Cannon  
  143  23:58  Photon Cannon  
  143  24:01  Photon Cannon  
  143  24:03  Photon Cannon  
  143  24:06  Photon Cannon  
  143  24:08  Photon Cannon  
  141  24:10  Nexus  
  141  24:11  Shield Battery  
  141  24:12  Pylon  
  141  24:14  Shield Battery  
  141  24:15  Zealot x7  
  141  24:16  Zealot x4  
  160  24:18  Photon Cannon  
  160  24:21  Pylon  
Tags
 
Add a new tag
Caveats
  • Supply blocks, unpowered buildings, or Contaminate may cause inaccurate times.
  • Supply counts are checked every 10 seconds.